 Dungeon Crawl Stone Soup version 0.27.0-1-g7a089689b8 (webtiles) character file.

Game seed: 806990545575110118

15 hawla the Sneak (level 2, -1/18 HPs)
             Began as a Deep Elf Delver on Aug 8, 2021.
             Slain by a centaur zombie (4 damage)
             ... in an ossuary.
             The game lasted 00:03:06 (644 turns).

hawla the Sneak (Deep Elf Delver)                    Turns: 644, Time: 00:03:07

Health: -1/18      AC:  3    Str:  9    XL:     2   Next: 34%
Magic:  4/4        EV: 12    Int: 14    God:
Gold:   17         SH:  0    Dex: 16    Spells: 1/1 levels left

rFire    . . .     SeeInvis .   a - +0 short sword
rCold    . . .     Faith    .   (no shield)
rNeg     . . .     Spirit   .   b - +0 leather armour
rPois    .         Reflect  .   (no helmet)
rElec    .         Harm     .   (no cloak)
rCorr    .         Rampage  .   (no gloves)
Will     .....                  (no boots)
Stlth    +++.......             (no amulet)
HPRegen  0.06/turn              (no ring)
MPRegen  0.09/turn              (no ring)

@: marked
A: no striking features
a: no special abilities


You were in an ossuary.
You visited 1 branch of the dungeon, and saw 1 of its levels.
You also visited: Ossuary.

You collected 17 gold pieces.

Inventory:

Hand Weapons
 a - a +0 short sword (weapon)
Armour
 b - a +0 leather armour (worn)
Wands
 g - a wand of digging (3)
Scrolls
 c - a scroll of fog
 d - a scroll of magic mapping
 e - a scroll of fear


   Skills:
 + Level 2.4 Fighting
 + Level 2.3 Short Blades
 + Level 2.4 Dodging
 + Level 6.4 Stealth


You had one spell level left.
You didn't know any spells.
Your spell library was empty.

Dungeon Overview and Level Annotations

Branches:
Dungeon (5/15)            Ossuary (1/1)
 Temple: D:4-7

Altars:
Yredelemnul


Message History

The rat zombie barely misses you. The rat zombie closely misses you.
You feel yourself slow down.
A mummy comes into view.
The centaur zombie hits you but does no damage.
The centaur zombie kicks you but does no damage.
The hobgoblin zombie barely misses you. The hobgoblin zombie barely misses you.
The hobgoblin zombie misses you.
A mummy comes into view.
The hobgoblin zombie hits you but does no damage.
The centaur zombie misses you.
The centaur zombie kicks you but does no damage.
The centaur zombie closely misses you.
The centaur zombie kicks you but does no damage.
The mummy barely misses you. The centaur zombie hits you.
* * * LOW HITPOINT WARNING * * *
The centaur zombie closely misses you. The centaur zombie barely misses you.
The centaur zombie closely misses you.
A rat zombie comes into view.
The centaur zombie barely misses you. x2
The centaur zombie hits you.
* * * LOW HITPOINT WARNING * * *
The centaur zombie kicks you but does no damage.
Aiming: Dig
Press: ? - help, Shift-Dir - straight line Digging in that direction won't affect any walls.
A stone wall.
Okay, then.
A hobgoblin zombie comes into view.
You aren't carrying any potions.
You can't see any enemies this would affect, really read the scroll of fear?
Okay, then.
The centaur zombie hits you but does no damage.
The centaur zombie completely misses you.
You hit the rat zombie.
The rat zombie is heavily damaged.
The centaur zombie hits you.
You die...

..##############...#
..# #...# ..# #...#
#...# ..#
....+####...# ..#
#.∩.....#.Z.# ..#
#.......#...# ..#
#.......#...#
..#Z####.......#Z..#
..#............#@..#
..# #.^# #ZZ.# ..#
#..# #Z..# ..# #..#
#Z..#
..######..######Z..#
...............MZM.#
.......8..8........#
...................#
...................#


You could see 2 mummies, 2 rat zombies, 3 hobgoblin zombies, a kobold zombie and
2 centaur zombies.

Vanquished Creatures
  5 hobgoblin zombies (Ossuary)
  7 kobold zombies (Ossuary)
  9 orc zombies (Ossuary)
  A rat zombie (Ossuary)
22 creatures vanquished.

Notes
Turn   | Place    | Note
-------+----------+-------------------------------------------
     0 | D:5      | hawla the Deep Elf Delver began the quest for the Orb.
     0 | D:5      | Reached XP level 1. HP: 13/13 MP: 3/3
    17 | D:5      | Found a basalt altar of Yredelemnul.
    65 | D:5      | Found a sand-covered staircase.
    70 | Ossuary  | Entered an ossuary
   344 | Ossuary  | Reached XP level 2. HP: 14/18 MP: 4/4
   644 | Ossuary  | Slain by a centaur zombie

Illustrated notes

Levels and vault maps discovered:
D:5:      minmay_skewed_foursquare, layout_basic, nemelex_spade_bored_becter,
          yredelemnul_altar_generic, minmay_temple_entry_waves, enter_ossuary_5,
          nicolae_inconvenience_store, uniq_menkaure
Ossuary:  ossuary_tomb_1

Action                   || total
-------------------------++-------
Melee: Short sword       ||   106
  Use: Scroll            ||     1
       Potion            ||     1
Armor: Leather armour    ||    52
Dodge: Dodged            ||    93
